 Dungeon Crawl Stone Soup version 0.24.1-14-gf8d2b509d9 (webtiles) character file.

Game seed: 9167576918181803563, levelgen mode: deterministic

1 EnegeticOcto the Shooter (level 1, 12/12 HPs)
             Began as a Deep Elf Hunter on Nov 24, 2019.
             Quit the game on level 1 of the Dungeon on Nov 11, 2020.
             The game lasted 00:00:45 (107 turns).

EnegeticOcto the Shooter (Deep Elf Hunter)           Turns: 107, Time: 00:00:46

Health: 12/12      AC:  3    Str:  9    XL:     1   Next: 16%
Magic:  3/3        EV: 12    Int: 15    God:
Gold:   28         SH:  0    Dex: 15    Spells: 0/0 levels left

rFire    . . .     SeeInvis .   a - +1 shortbow
rCold    . . .     Gourm    .   (shield currently unavailable)
rNeg     . . .     Faith    .   c - +0 leather armour
rPois    .         Spirit   .   (no helmet)
rElec    .         Reflect  .   (no cloak)
rCorr    .         Harm     .   (no gloves)
MR       .....                  (no boots)
Stlth    ++........             (no amulet)
HPRegen  0.04/turn              (no ring)
MPRegen  0.08/turn              (no ring)

@: no status effects
A: no striking features
a: no special abilities


You were on level 1 of the Dungeon.
You were not hungry.

You visited 1 branch of the dungeon, and saw 1 of its levels.

You collected 28 gold pieces.

Inventory:

Hand Weapons
 a - a +1 shortbow (weapon)
 b - a +0 short sword
Missiles
 d - 20 arrows (quivered)
Armour
 c - a +0 leather armour (worn)
Potions
 f - a potion of brilliance {unknown}
Comestibles
 e - a ration
 g - a chunk of flesh


   Skills:
 + Level 1.6 Fighting
 - Level 4.3 Bows
 - Level 2.4 Dodging
 + Level 1.4 Stealth


You couldn't memorise any spells.
You didn't know any spells.
Your spell library was empty.

Dungeon Overview and Level Annotations

Branches:
Dungeon (1/15)

Altars:


Message History

e - a ration Welcome, EnegeticOcto the Deep Elf Hunter.
It is said that the Orb of Zot exists deep within this dungeon.
Press ? for a list of commands and other information.
Found 12 gold pieces.
Found a staircase leading out of the dungeon.
You now have 12 gold pieces.
You open the gate.
There is an open gate here.
f - a metallic sapphire potion
b - a +0 short sword (weapon)
A bat comes into view.
The bat hits you but does no damage.
You see here 16 gold pieces.
The bat closely misses you. x2
You closely miss the bat. The bat hits you but does no damage.
The bat barely misses you.
You completely miss the bat. The bat closely misses you.
The bat barely misses you. The bat closely misses you.
The bat hits you but does no damage.
You miss the bat. The bat hits you but does no damage.
The bat hits you but does no damage.
You miss the bat. The bat closely misses you. The bat hits you.
You closely miss the bat. The bat hits you. The bat barely misses you.
You hit the bat.
The bat is moderately wounded.
The bat barely misses you. The bat hits you. The bat closely misses you.
The bat barely misses you. The bat hits you but does no damage.
You see here 16 gold pieces.
You hit the bat.
You kill the bat!
No target in view!
No target in view!
No target in view!
HP restored.
You now have 28 gold pieces (gained 16).
You butcher the bat corpse.
g - a chunk of flesh You see here a bat skeleton. x2
A frilled lizard and a ball python come into view.
Found a stone staircase leading down.
There are monsters nearby!
a - a +1 shortbow (weapon)
The ball python hisses angrily.
Unknown command.
Saving game... please wait.
Welcome back, EnegeticOcto the Deep Elf Hunter.
Press ? for a list of commands and other information.
Saving game... please wait.
Welcome back, EnegeticOcto the Deep Elf Hunter.
Press ? for a list of commands and other information.
Saving game... please wait.
Welcome back, EnegeticOcto the Deep Elf Hunter.
Press ? for a list of commands and other information.
Welcome back, EnegeticOcto the Deep Elf Hunter.
Press ? for a list of commands and other information.
Are you sure you want to abandon this character and quit the game? (Confirm with "yes".)

..>l.. #...♣ ..#S. #....
#..... ##.... .... ##.....
..# ##...... ########.##
###8..8..8 #.........#
#.'....... #.......@.###
#.'......<
#...........####.'.......
#.........#......#8..8..8
..#......÷..#.....###......
#...........#.....# ##.....
............#.....# ##...♣
###.........#.....# #...♣
#.........#.....# #...♣
#.........#.....# #...♣


You could see a ball python and a frilled lizard (wandering).

Vanquished Creatures
  A bat (D:1)
1 creature vanquished.

Notes
Turn   | Place    | Note
-------+----------+-------------------------------------------
     0 | D:1      | EnegeticOcto the Deep Elf Hunter began the quest for the
                  | Orb.
     0 | D:1      | Reached XP level 1. HP: 12/12 MP: 3/3
   107 | D:1      | Upgraded the game from 0.24.0-37-gcf1ca852f1 to
                  | 0.24.0-123-gd5b16e6ec5
   107 | D:1      | Upgraded the game from 0.24.0-123-gd5b16e6ec5 to
                  | 0.24.1-14-gf8d2b509d9
   107 | D:1      | Quit the game

Levels and vault maps discovered:
D:1:      kennysheep_arrival_forest, layout_rooms

Action                   || total
-------------------------++-------
Melee: Short sword       ||     7
Armor: Leather armour    ||     6
Dodge: Dodged            ||    11
